 Dungeon Sprint DCSS version 0.21-a0-297-ga3d34c2 (webtiles) character file.

50439 Kidiri the Warrior (level 14, -1/157 HPs)
             Began as a Naga Fighter on Sept 28, 2017.
             Was the Champion of Cheibriados.
             Shot with a bolt by a yaktaur captain (18 damage)
             ... in the Dungeon (Sprint V: "Ziggurat Sprint").
             The game lasted 00:11:39 (1672 turns).

Kidiri the Warrior (Naga Fighter)                   Turns: 1672, Time: 00:11:40

Health: -1/157     AC: 38    Str: 44    XL:     14   Next: 55%
Magic:  0/19       EV: 17    Int: 28    God:    Cheibriados [******]
Gold:   0          SH: 36    Dex: 35    Spells: 13/13 levels left

rFire    . . .     SeeInvis +   J - +14 obsidian axe {chop, +Fly SInv *Curse} (curse)
rCold    + + +     Gourm    .   L - +18 shield of the Gong {rElec rN+ MR+ EV-5}
rNeg     + + .     Faith    .   K - +15 Maxwell's patent armour {-Cast -Tele rElec MR+ rCorr}
rPois    +         Spirit   +   (helmet restricted)
rElec    +         Reflect  .   E - +1 cloak of Starlight {rElec rC+ EV+4 Stlth--}
rCorr    +         Harm     .   a - +3 pair of gauntlets of War {Slay+5}
MR       +++..     NoTele   +   (no barding) Stlth ..........NoCast +
                                B - amulet of Symmetry {Spirit rC+}
HPRegen  0.36/turn              y - +6 ring of dexterity
MPRegen  0.16/turn              T - ring "Cobyack" {rN+ Str+6 Int+3}

@: mesmerised, studying Staves, very slow
A: antennae 1, see invisible, agile 1, clever 1, cold resistance 1, deformed
body, deterioration 1, low mp 2, mutation resistance 1, poison resistance,
slowness 2, slow metabolism 1, spit poison 2, constrict 1, AC +4
a: Breathe Poison Gas, Bend Time, Temporal Distortion, Slouch, Step From Time,
Renounce Religion, Evoke Flight


You were in the Dungeon.
You worshipped Cheibriados.
Cheibriados was exalted by your worship.
You were hungry.

You visited 1 branch

Inventory:

Hand Weapons
 J - the cursed +14 obsidian axe (weapon) {chop, +Fly SInv *Curse}
   (You found it in the Dungeon)

   It inflicts extra damage upon your enemies.
   It lets you see invisible.
   It lets you fly.
   It curses itself when equipped.
   It has a curse placed upon it.
Armour
 a - the +3 pair of gauntlets of War (worn) {Slay+5}
   (You found it in the Dungeon)

   It affects your accuracy and damage with ranged weapons and melee attacks
   (+5).
 b - the +0 pair of gloves of Cepn {rElec rC+++ Int-5}
   (You found it in the Dungeon)

   It affects your intelligence (-5).
   It renders you almost immune to cold.
   It insulates you from electricity.
 E - the +1 cloak of Starlight (worn) {rElec rC+ EV+4 Stlth--}
   (You found it in the Dungeon)

   It affects your evasion (+4).
   It protects you from cold.
   It insulates you from electricity.
   It makes you much less stealthy.
 K - the +15 Maxwell's patent armour (worn) {-Cast -Tele rElec MR+ rCorr}
   (You found it in the Dungeon)

   It insulates you from electricity.
   It affects your resistance to hostile enchantments.
   It prevents spellcasting.
   It prevents most forms of teleportation.
   It protects you from acid and corrosion.
 L - the +18 shield of the Gong (worn) {rElec rN+ MR+ EV-5}
   (You found it in the Dungeon)

   It affects your evasion (-5).
   It insulates you from electricity.
   It protects you from negative energy.
   It affects your resistance to hostile enchantments.
Jewellery
 c - the ring of Sovereignty {+Inv EV+1}
   (You found it in the Dungeon)

   [ring of evasion]

   It affects your evasion (+1).
   It lets you turn invisible.
 h - the ring of Cow Tuux {rPois Str+4 Dex-5 Stlth+}
   (You found it in the Dungeon)

   [ring of stealth]

   It affects your strength (+4).
   It affects your dexterity (-5).
   It protects you from poison.
   It makes you more stealthy.
 o - the cursed ring of Immorality {*Drain rElec rPois Int-2 Dex+6}
   (You found it in the Dungeon)

   [ring of intelligence]

   It affects your intelligence (-2).
   It affects your dexterity (+6).
   It insulates you from electricity.
   It protects you from poison.
   It causes draining when unequipped.
   It has a curse placed upon it.
 y - a +6 ring of dexterity (left hand)
 B - the amulet of Symmetry (around neck) {Spirit rC+}
   (You found it in the Dungeon)

   [amulet of guardian spirit]

   It causes incoming damage to be split between your health and magic.
   It protects you from cold.
 D - a +6 ring of strength
 N - the ring of the Rabble {*Drain rPois MR+ MP+9 Str+5}
   (You found it in the Dungeon)

   [ring of magical power]

   It affects your strength (+5).
   It protects you from poison.
   It affects your resistance to hostile enchantments.
   It affects your magic capacity (+9).
   It causes draining when unequipped.
 O - the ring "Bel Hut" {rElec rPois Int+3 Dex-4 Slay+2}
   (You found it in the Dungeon)

   [ring of poison resistance]

   It affects your intelligence (+3).
   It affects your dexterity (-4).
   It affects your accuracy and damage with ranged weapons and melee attacks
   (+2).
   It insulates you from electricity.
   It protects you from poison.
 P - the cursed ring of the Morning {rN+ EV-6 Slay+5}
   (You took it off an orc warrior in the Dungeon)

   [ring of evasion]

   It affects your evasion (-6).
   It affects your accuracy and damage with ranged weapons and melee attacks
   (+5).
   It protects you from negative energy.
   It has a curse placed upon it.
 T - the ring "Cobyack" (right hand) {rN+ Str+6 Int+3}
   (You found it in the Dungeon)

   [ring of positive energy]

   It affects your strength (+6).
   It affects your intelligence (+3).
   It protects you from negative energy.
Wands
 F - a wand of disintegration (7/24)
 G - a wand of iceblast (5/15)
 H - a wand of lightning (5/15)
 I - a wand of acid (5/15)
Scrolls
 j - 3 scrolls of brand weapon
 k - 4 scrolls of blinking
 q - 4 scrolls of amnesia
 r - 3 scrolls of recharging
 s - 8 scrolls of fog
 t - a scroll of holy word
 u - 5 scrolls of identify
 v - 5 scrolls of remove curse
 w - 2 scrolls of fear
 A - 4 scrolls of enchant weapon
Potions
 d - 6 potions of might
 e - 10 potions of curing
 g - 11 potions of heal wounds
 i - 7 potions of magic
 l - 2 potions of brilliance
 m - a potion of invisibility
 n - 4 potions of resistance
 p - 5 potions of agility
Books
 R - a manual of Staves
Comestibles
 f - 5 bread rations
 x - 42 fruits
 z - 4 meat rations
 M - 3 royal jellies


   Skills:
 * Level 18.9 Fighting
 * Level 16.7 Axes
 * Level 14.5 Armour
 + Level 10.6 Dodging
 * Level 14.5 Shields
 + Level 13.3 Invocations
 + Level 12.3 Evocations


You had 13 spell levels left.
You didn't know any spells.

Dungeon Overview and Level Annotations

Branches:
Dungeon (1/1)

Altars:
Ashenzari
Cheibriados
Dithmenos
Elyvilon
Fedhas
Gozag
Hepliaklqana
Kikubaaqudgha
Makhleb
Nemelex Xobeh
Okawaru
Qazlal
Ru
Sif Muna
Trog
Uskayaw
Vehumet
Wu Jian
Xom
Yredelemnul
Zin
The Shining One
Beogh
Jiyva
Lugonu


Innate Abilities, Weirdness & Mutations

You cannot wear boots.
Your serpentine skin is tough. (AC +4)
You have supernaturally acute eyesight. (SInv)
Armour fits poorly on your strangely shaped body.
Your system is resistant to poisons. (rPois)
You cover ground very slowly.
You have a slow metabolism.
You can exhale a cloud of poison.
You can use your snake-like lower body to constrict enemies.
You have a pair of small antennae on your head.
You are agile. (Dex +2)
Your mind is acute. (Int +2)
Your flesh is cold resistant. (rC+)
Your body sometimes deteriorates upon taking damage.
Your magical capacity is very low. (-20% MP)
You are somewhat resistant to further mutation.


Message History

You block the arrow.
Visions of slaying the centaur warrior flood into your mind.
You block the centaur warrior's attack.
GONNNNG!
You block the centaur warrior's attack.
GONNNNG!
You block the centaur warrior's attack.
BOUMMMMG!
The centaur warrior barely misses you. The yaktaur captain barely misses you.
The centaur warrior closely misses you.
The centaur warrior hits you but does no damage.
The centaur warrior misses you.
The merfolk javelineer throws a javelin.
The javelin hits you!
* * * LOW HITPOINT WARNING * * *
The stone giant barely misses you. The yaktaur captain closely misses you.
The centaur warrior misses you. The centaur warrior barely misses you.
The cyclops closely misses you.
The yaktaur captain shoots a bolt.
The bolt hits you!!
You die...

▓▓▓▓▓▓▓▓▓▓▓▓▓▓▓▓..})[)..
......8©8......▓...|).:.
...[.}:}..:.)..▓........
...[..:|.).:[..▓........
....)..}!......▓........
.......c.......▓.....)..
....CCccCC.....▓.....().
.....ecmCm.....▓..▓.|)).
....cec@cC.....▓.▓.▓.().
.....cC(c......▓..▓...÷.
......c(c......▓........
...▓...((..▓...▓......©.
.. ▓▓.(...▓▓ ..▓▓▓▓▓▓▓▓▓
...▓.......▓...▓.....8©8
.......(.......▓..[:[.::
.......©.......▓...).}.}
▓▓▓▓▓▓▓▓▓▓▓▓▓▓▓▓........


You could see a stone giant, 2 merfolk javelineers, 4 yaktaur captains, 2 deep
elf master archers, 4 centaur warriors, 6 cyclopes, 2 yaktaurs and a centaur.

Vanquished Creatures
  2 thorn hunters (D)
  A ghost moth (shapeshifter) (D)
  2 spriggan defenders (D)
  4 very ugly things (D)
  2 vault guards (D)
  2 ice dragons (D)
  2 hydras (D)
  An anaconda (shapeshifter) (D)
  3 spriggan air magi (D)
  3 anacondas (D)
  A dancing weapon (D)
  A vampire mage (D)
  A deep elf knight (D)
  4 spriggan berserkers (D)
  4 soul eaters (D)
  3 skeletal warriors (D)
  A swamp dragon (shapeshifter) (D)
  4 spriggan druids (D)
  3 glowing orange brains (shapeshifter) (D)
  A shambling mangrove (D)
  A phantasmal warrior (D)
  An orc knight (D)
  4 deep elf magi (D)
  2 necromancers (D)
  2 orc sorcerers (D)
  A shining eye (D)
  2 cyclopes (D)
  A manticore (shapeshifter) (D)
  2 ugly things (D)
  A cyclops (shapeshifter) (D)
  A salamander (shapeshifter) (D)
  An elephant (D)
  A water nymph (shapeshifter) (D)
  2 spiny frogs (D)
  A spiny frog (shapeshifter) (D)
  A rime drake (shapeshifter) (D)
  A yaktaur (D)
  A freezing wraith (D)
  A dryad (D)
  2 trolls (D)
  4 wind drakes (D)
  3 hornets (D)
  A slime creature (D)
  A dream sheep (shapeshifter) (D)
  A shadow (D)
  A water elemental (D)
  2 vampires (D)
  A wyvern (D)
  A basilisk (D)
  3 neqoxecs (D)
  4 insubstantial wisps (D)
  3 wargs (D)
  3 water moccasins (D)
  2 porcupines (D)
  4 hell hounds (D)
  A floating eye (shapeshifter) (D)
  3 ice beasts (D)
  2 necrophages (D)
  3 orc warriors (D)
  2 ogres (D)
  2 wolves (D)
  3 centaurs (D)
  A crocodile (D)
  3 bullfrogs (D)
  3 wights (D)
  2 jellies (D)
  A hell rat (D)
  An iguana (D)
  A shadow imp (D)
  2 ufetubi (D)
  An ooze (shapeshifter) (D)
  2 oozes (D)
  3 adder zombies (D)
  An adder skeleton (D)
  3 bat skeletons (D)
  5 bat zombies (D)
  3 giant cockroach zombies (D)
  A jackal zombie (D)
  2 leopard gecko skeletons (D)
  4 leopard gecko zombies (D)
  2 spectral giant cockroaches (D)
  A spectral leopard gecko (D)
  6 briar patches (D)
  A butterfly (D)
173 creatures vanquished.

Vanquished Creatures (collateral kills)
  A ghoul (D)
  2 dancing weapons (D)
  A shambling mangrove (D)
  A yaktaur (D)
  A troll (D)
  An air elemental (D)
  An insubstantial wisp (D)
  An orc warrior (D)
  A hell hound (D)
  An ice beast (D)
  2 necrophages (D)
  An ogre (D)
  A white imp (D)
  An ufetubus (D)
  An adder zombie (D)
  2 bat skeletons (D)
  2 bat zombies (D)
  A giant cockroach simulacrum (D)
  A jackal skeleton (D)
  A leopard gecko skeleton (D)
  A quokka skeleton (D)
25 creatures vanquished.

Vanquished Creatures (others)
  A two-headed ogre (D)
1 creature vanquished.

Grand Total: 199 creatures vanquished

Notes
Turn   | Place    | Note
-------+----------+-------------------------------------------
     0 | D        | Found the +6 Majin-Bo {vamp, Archmagi MP+6 Int+6}
     0 | D        | Found the +7 great mace "Firestarter" {inner flame, rF++}
     0 | D        | Kidiri the Naga Fighter began the quest for the Orb.
     0 | D        | Reached XP level 1. HP: 21/21 MP: 1/1
     0 | D        | Found a deep blue altar of Sif Muna.
     0 | D        | Found a sacrificial altar of Ru.
     0 | D        | Found a bloodstained altar of Trog.
     0 | D        | Found a stormy altar of Qazlal.
     0 | D        | Found an iron altar of Okawaru.
     0 | D        | Found a sparkling altar of Nemelex Xobeh.
     0 | D        | Found a blossoming altar of Fedhas.
     2 | D        | Found a transporter.
     2 | D        | Found an ancient bone altar of Kikubaaqudgha.
     2 | D        | Found a viscous altar of Jiyva.
     2 | D        | Found a corrupted altar of Lugonu.
     2 | D        | Found a hazy altar of Hepliaklqana.
     2 | D        | Found a burning altar of Makhleb.
     2 | D        | Found an opulent altar of Gozag.
    19 | D        | Found the +9 heavy crossbow "Sniper" {velocity, Acc+∞ SInv}
    19 | D        | Found the +10 dark maul {crush}
    19 | D        | Found the +15 Maxwell's patent armour {-Cast -Tele rElec MR+ rCorr}
    19 | D        | Found the +18 shield of the Gong {rElec rN+ MR+ EV-5}
    19 | D        | Found the cursed +14 obsidian axe {chop, +Fly SInv *Curse}
    20 | D        | Found the +6 shillelagh "Devastator" {shatter}
    20 | D        | Found the +11 plutonium sword {*Contam Stlth-}
    20 | D        | Found the +8 lance "Wyrmbane" {slay drac, rPois rF+ rC+ AC+3}
    20 | D        | Found the +9 sword of Zonguldrok {reap}
    20 | D        | Found the cursed +13 scythe of Curses {drain, *Curse}
    20 | D        | Found the +0 sword of Power
    20 | D        | Found the +9 mace of Variability {chaos}
    20 | D        | Found the +7 Singing Sword
    20 | D        | Found the +7 longbow "Piercer" {penet, EV-2}
    95 | D        | Became a worshipper of Cheibriados the Contemplative
    96 | D        | Reached skill level 4 in Fighting
    96 | D        | Reached skill level 1 in Dodging
    96 | D        | Reached XP level 2. HP: 30/30 MP: 1/3
   137 | D        | Entered arena 2.
   137 | D        | Noticed a two-headed ogre
   137 | D        | Noticed a cyclops
   137 | D        | Found a transporter.
   138 | D        | Found the +3 pair of gauntlets of War {Slay+5}
   141 | D        | Killed a two-headed ogre
   144 | D        | Killed a cyclops
   144 | D        | Reached skill level 6 in Fighting
   144 | D        | Reached skill level 5 in Armour
   144 | D        | Reached skill level 5 in Shields
   144 | D        | Reached XP level 3. HP: 6/42 MP: 3/6
   144 | D        | Reached XP level 4. HP: 7/49 MP: 3/7
   144 | D        | Reached XP level 5. HP: 8/56 MP: 3/8
   144 | D        | Reached XP level 6. HP: 9/63 MP: 3/9
   398 | D        | Entered arena 3.
   398 | D        | Noticed a necrophage
   398 | D        | Found a transporter.
   400 | D        | Reached * piety under Cheibriados
   405 | D        | Killed a necrophage
   405 | D        | Reached ** piety under Cheibriados
   405 | D        | Reached skill level 7 in Fighting
   405 | D        | Reached XP level 7. HP: 70/72 MP: 10/10
   460 | D        | Entered arena 4.
   460 | D        | Found a transporter.
   463 | D        | Reached *** piety under Cheibriados
   463 | D        | Reached skill level 5 in Invocations
   474 | D        | Entered arena 5.
   474 | D        | Found a transporter.
   476 | D        | Reached **** piety under Cheibriados
   486 | D        | Entered arena 6.
   486 | D        | Found a transporter.
   487 | D        | Found the +4 dagger "Morg" {pain, MR+ Int+5}
   487 | D        | Reached ***** piety under Cheibriados
   488 | D        | Reached skill level 8 in Fighting
   488 | D        | Reached skill level 5 in Evocations
   495 | D        | Got the ring of Cow Tuux {rPois Str+4 Dex-5 Stlth+}
   500 | D        | Entered arena 7.
   500 | D        | Noticed a vault guard
   500 | D        | Noticed a vault guard
   500 | D        | Noticed a yaktaur
   500 | D        | Noticed an orc knight
   500 | D        | Noticed a yaktaur
   500 | D        | Noticed a slime creature
   501 | D        | Found a transporter.
   503 | D        | Killed a yaktaur
   503 | D        | Reached XP level 8. HP: 80/82 MP: 12/12
   506 | D        | Killed a vault guard
   506 | D        | Reached skill level 9 in Fighting
   506 | D        | Killed a slime creature
   506 | D        | Reached skill level 10 in Fighting
   509 | D        | Killed a vault guard
   509 | D        | Reached ****** piety under Cheibriados
   509 | D        | Reached skill level 11 in Fighting
   509 | D        | Reached skill level 5 in Dodging
   509 | D        | Reached XP level 9. HP: 73/97 MP: 12/14
   509 | D        | Killed an orc knight
   510 | D        | Killed a yaktaur
   583 | D        | Entered arena 8.
   583 | D        | Noticed a spiny frog
   583 | D        | Noticed a four-headed hydra
   584 | D        | Found a transporter.
   587 | D        | Killed a six-headed hydra
   587 | D        | Reached skill level 12 in Fighting
   587 | D        | Reached skill level 10 in Axes
   587 | D        | Reached XP level 10. HP: 107/108 MP: 15/15
   588 | D        | Killed a spiny frog
   605 | D        | Got the ring of the Rabble {*Drain rPois MR+ MP+9 Str+5}
   608 | D        | Entered arena 9.
   609 | D        | Found the +2 robe of Vines {NoPotionHeal Regen+7}
   609 | D        | Found a transporter.
   612 | D        | Noticed a sun demon
   612 | D        | Reached skill level 13 in Fighting
   639 | D        | Entered arena 10.
   649 | D        | Found a transporter.
   655 | D        | Got the ring "Bel Hut" {rElec rPois Int+3 Dex-4 Slay+2}
   661 | D        | Entered arena 11.
   661 | D        | Noticed a deep elf mage
   661 | D        | Noticed a deep elf mage
   661 | D        | Noticed a vampiric hand axe
   661 | D        | Noticed a deep elf mage
   661 | D        | Noticed a vampiric hand axe
   661 | D        | Noticed a deep elf mage
   661 | D        | Noticed a halberd of venom
   661 | D        | Noticed a deep elf knight
   662 | D        | Found a transporter.
   663 | D        | Killed a vampiric hand axe
   663 | D        | Killed a vampiric hand axe
   663 | D        | Reached skill level 14 in Fighting
   663 | D        | Reached XP level 11. HP: 85/120 MP: 17/17
   664 | D        | Killed a deep elf mage
   664 | D        | Reached skill level 10 in Armour
   665 | D        | Killed a deep elf knight
   665 | D        | Reached skill level 10 in Shields
   668 | D        | Killed a deep elf mage
   669 | D        | Killed a deep elf mage
   671 | D        | Killed a deep elf mage
   671 | D        | Reached skill level 15 in Fighting
   672 | D        | Killed a halberd of venom
   910 | D        | Entered arena 12.
   910 | D        | Noticed an anaconda
   910 | D        | Noticed a spriggan defender
   910 | D        | Noticed a spriggan air mage
   910 | D        | Noticed a spriggan druid
   911 | D        | Noticed an anaconda
   911 | D        | Noticed an anaconda
   912 | D        | Noticed a spriggan berserker
   912 | D        | Noticed a thorn hunter
   912 | D        | Killed an anaconda
   912 | D        | Killed an anaconda
   912 | D        | Killed a spriggan druid
   912 | D        | Killed a spriggan air mage
   912 | D        | Killed an anaconda
   912 | D        | Killed a spriggan berserker
   912 | D        | Reached skill level 10 in Invocations
   913 | D        | Killed a spriggan defender
   913 | D        | Reached XP level 12. HP: 133/133 MP: 13/19
   914 | D        | Found a transporter.
   918 | D        | Killed a thorn hunter
   918 | D        | Reached skill level 16 in Fighting
   947 | D        | Got the cursed ring of Immorality {*Drain rElec rPois Int-2 Dex+6}
   963 | D        | Entered arena 13.
   963 | D        | Noticed a soul eater
   963 | D        | Noticed a soul eater
   963 | D        | Noticed a soul eater
   964 | D        | Noticed a soul eater
   966 | D        | Found a transporter.
   968 | D        | Killed a soul eater
   969 | D        | Killed a soul eater
   970 | D        | Killed a soul eater
   970 | D        | Killed a soul eater
  1027 | D        | Entered arena 14.
  1028 | D        | Noticed a two-headed ogre
  1028 | D        | a torpor snail changed into a two-headed ogre
  1029 | D        | a two-headed ogre changed into a water nymph
  1031 | D        | Reached skill level 10 in Evocations
  1034 | D        | Found a transporter.
  1095 | D        | Gained mutation: You can exhale a cloud of poison. [mutagenic meat]
  1096 | D        | Gained mutation: Your mind is acute. (Int +2) [mutagenic meat]
  1097 | D        | Gained mutation: Your magical capacity is low. (-10% MP) [mutagenic meat]
  1098 | D        | Gained mutation: You are somewhat resistant to further mutation. [mutagenic meat]
  1103 | D        | Gained mutation: Your flesh is cold resistant. (rC+) [mutagenic meat]
  1104 | D        | Gained mutation: You are agile. (Dex +2) [mutagenic meat]
  1105 | D        | Gained mutation: You have a pair of small antennae on your head. [mutagenic meat]
  1110 | D        | Gained mutation: Your body sometimes deteriorates upon taking damage. [mutagenic meat]
  1156 | D        | Entered arena 15.
  1157 | D        | Noticed a purple very ugly thing
  1157 | D        | Noticed a brown very ugly thing
  1157 | D        | Noticed a green very ugly thing
  1158 | D        | Noticed an anaconda
  1158 | D        | a slime creature changed into an anaconda
  1159 | D        | Noticed a white very ugly thing
  1159 | D        | Gained mutation: You can use your snake-like lower body to constrict enemies. [Naga growth]
  1159 | D        | Reached XP level 13. HP: 142/142 MP: 13/19
  1160 | D        | Killed a brown very ugly thing
  1160 | D        | Reached skill level 17 in Fighting
  1162 | D        | Killed a brown very ugly thing
  1162 | D        | Noticed a fire dragon
  1162 | D        | a satyr changed into a fire dragon
  1163 | D        | Noticed a ghost moth
  1163 | D        | a fire dragon changed into a ghost moth
  1164 | D        | Found the +3 robe of Clouds {+Fly rElec}
  1164 | D        | Killed a white very ugly thing
  1166 | D        | Found a transporter.
  1167 | D        | Killed a white very ugly thing
  1169 | D        | Killed a ghost moth
  1191 | D        | Gained mutation: Your magical capacity is very low. (-20% MP) [mutagenic meat]
  1199 | D        | Got the +0 pair of gloves of Cepn {rElec rC+++ Int-5}
  1221 | D        | Entered arena 16.
  1223 | D        | Found the +1 cloak of Starlight {rElec rC+ EV+4 Stlth--}
  1224 | D        | Reached skill level 15 in Axes
  1231 | D        | Found a transporter.
  1275 | D        | Entered arena 17.
  1279 | D        | Noticed a spriggan defender
  1279 | D        | Noticed a thorn hunter
  1280 | D        | Found the +4 robe of Augmentation {Str+4 Int+4 Dex+4}
  1281 | D        | Reached skill level 18 in Fighting
  1281 | D        | Killed a spriggan defender
  1285 | D        | Reached XP level 14. HP: 126/156 MP: 2/18
  1286 | D        | Killed a thorn hunter
  1286 | D        | Reached skill level 10 in Dodging
  1304 | D        | Found a transporter.
  1334 | D        | Got the ring of Sovereignty {+Inv EV+1}
  1342 | D        | Got the amulet of Symmetry {Spirit rC+}
  1451 | D        | Entered arena 18.
  1468 | D        | Found a transporter.
  1480 | D        | Got the cursed ring of the Morning {rN+ EV-6 Slay+5}
  1527 | D        | Entered arena 19.
  1533 | D        | Noticed a ghoul
  1541 | D        | Killed a ghoul
  1543 | D        | Found a transporter.
  1596 | D        | Entered arena 20.
  1602 | D        | Found the +9 staff of Wucad Mu {channel}
  1602 | D        | Found the +7 Spriggan's Knife {MR+ EV+4 Dex+4 Stlth+}
  1602 | D        | Found the +7 captain's cutlass {speed, disarm}
  1608 | D        | Found a transporter.
  1634 | D        | Got the ring "Cobyack" {rN+ Str+6 Int+3}
  1661 | D        | Entered arena 21.
  1665 | D        | Noticed a stone giant
  1666 | D        | Noticed a deep elf master archer
  1666 | D        | Noticed a deep elf master archer
  1670 | D        | HP: 6/157 [deep elf master archer/arrow (29)]
  1670 | D        | HP: 2/157 [centaur warrior/+1 quarterstaff of pain (4)]
  1672 | D        | Found a transporter.
  1672 | D        | Shot with a bolt by a yaktaur captain

Vault maps used:
D:        sprint_v

Skill      XL: |  1  2  3  4  5  6  7  8  9 10 11 12 13 14 |
---------------+-------------------------------------------+-----
Fighting       | 4 6 7 8 11 12 14 15 16 18 | 18.9
Axes           | 3 6 7 9 10 11 12 14 15 16 | 16.7
Armour         | 3 5 6 8 9 11 12 13 14 | 14.5
Dodging        | 1 3 4 5 6 7 8 9 10 | 10.6
Shields        | 3 5 6 8 9 11 12 13 14 | 14.5
Invocations    | 2 4 5 6 7 8 10 11 12 13 | 13.3
Evocations     | 2 4 5 6 7 9 10 11 12 | 12.3

Action                   |  1- 3 |  4- 6 |  7- 9 | 10-12 | 13-15 || total
-------------------------+-------+-------+-------+-------+-------++-------
Melee: Broad axe         |     2 |     6 |    14 |    36 |    54 ||   112
       Constrict         |       |       |       |       |    11 ||    11
Invok: Slouch            |       |       |       |     7 |     7 ||    14
 Abil: Breathe Poison Ga |       |       |       |       |     1 ||     1
  Use: Potion            |     3 |       |       |       |     3 ||     6
 Stab: Invisible         |     1 |       |       |       |       ||     1
  Eat: Chunk             |       |       |       |    16 |    10 ||    26
Armor: Plate armour      |       |     8 |    25 |    24 |    60 ||   117
Dodge: Dodged            |       |       |     3 |    13 |    79 ||    95
Block: Shield            |     3 |    14 |    45 |    83 |   157 ||   302

Table legend:
 A = Spawn XP
 B = Non-spawn XP
 C = Spawn XP percentage of total XP
 D = Spawn monster count
 E = Non-spawn monster count
 F = Spawn count percentage of total count
 G = Total turns spent on level
                    A         B        C        D         E        F      G
               +---------+---------+-------+---------+---------+-------+---------
         Total |       0 |   72046 |   0.0 |       0 |     191 |   0.0 |  1672
               +---------+---------+-------+---------+---------+-------+---------
             D |       0 |   72046 |   0.0 |       0 |     191 |   0.0 |  1672
               +---------+---------+-------+---------+---------+-------+---------
